 Dungeon Crawl Stone Soup version 0.30-a0-149-g7f746667c4 (webtiles) character file.

Game seed: 11217490632830876593

39 KennySheep the Shield-Bearer (level 3, -1/31 HPs)
             Began as a Meteoran Fighter on Sept 27, 2022.
             Was a Believer of Wu Jian.
             Slain by an orc
             ... wielding a +0 war axe
              (3 damage)
             ... on level 3 of the Dungeon.
             The game lasted 00:04:19 (1042 turns).

KennySheep the Shield-Bearer (Meteoran Fighter)     Turns: 1042, Time: 00:04:20

Health: -1/31      AC: 10    Str: 20    XL:     3   Next: 97%
Magic:  4/4        EV:  7    Int:  9    God:    Wu Jian [**....]
Gold:   66         SH:  5    Dex: 13    Spells: 2/2 levels left

rFire   . . .      SeeInvis .    a - +0 flail
rCold   . . .      Faith    .    c - +0 buckler
rNeg    . . .      Spirit   .    g - +0 chain mail
rPois   .          Reflect  .    (no helmet)
rElec   .          Harm     .    (no cloak)
rCorr   .          Rampage  .    d - +0 pair of gloves
Will    .....                    (no boots)
Stlth   ..........               (no amulet)
HPRegen 0.10/turn                (no ring)
MPRegen 0.09/turn                (no ring)

@: glowing
A: sense surroundings 1, otherworldly, glowing, explore regen
a: Renounce Religion, Wall Jump


You were on level 3 of the Dungeon.
You worshipped Wu Jian.
Wu Jian was pleased with you.
You visited 1 branch of the dungeon, and saw 3 of its levels.

You collected 66 gold pieces.

Inventory:

Hand Weapons
 a - a +0 flail (weapon)
Armour
 b - a +0 scale mail
 c - a +0 buckler (worn)
 d - a +0 pair of gloves (worn)
 g - a +0 chain mail (worn)
Scrolls
 e - a scroll of immolation {unknown}
 f - 4 scrolls of vulnerability {unknown}
 h - a scroll of summoning {unknown}
 j - 2 scrolls of identify {unknown}
 k - a scroll of amnesia {unknown}
 m - a scroll of enchant weapon {unknown}
 n - a scroll of blinking {unknown}
 o - a scroll of magic mapping {unknown}
Potions
 l - a potion of berserk rage {unknown}


   Skills:
 + Level 3.6 Fighting
 * Level 3.8 Maces & Flails
 + Level 4.0 Armour
 - Level 0.6 Dodging
 + Level 4.0 Shields


You had 2 spell levels left.
You didn't know any spells.
Your spell library was empty.

Dungeon Overview and Level Annotations

Branches:
Dungeon (3/15) Zot: 721

Altars:
Wu Jian
Yredelemnul


Innate Abilities, Weirdness & Mutations

You passively map a small area around you.
You are easily found by Zot.
You glow in the dark.
You regain HP and MP as you explore.


Message History

The orc wizard gestures at you while chanting.
The magic dart hits you.
You barely miss the orc wizard. The orc completely misses you.
The orc hits you with a +0 war axe. The orc wizard closely misses you.
You spin and attack the orc wizard.
You barely miss the orc wizard. You barely miss the orc.
You hit the orc wizard.
The orc wizard is moderately wounded.
The orc hits you but does no damage. x2; The orc wizard barely misses you.
The orc hits you with a +0 flail. The orc hits you but does no damage.
The orc wizard hits you but does no damage.
You miss the orc wizard.
The orc wizard is moderately wounded.
The orc hits you with a +0 flail. You block the orc's attack.
The orc wizard hits you but does no damage.
You closely miss the orc wizard.
The orc wizard is moderately wounded.
The orc hits you but does no damage. The orc barely misses you.
You block the orc wizard's attack.
It was a potion of curing.
You feel better. You block the orc's attack.
The orc hits you but does no damage.
The orc wizard hits you but does no damage.
You closely miss the orc wizard.
The orc wizard is moderately wounded.
The orc hits you but does no damage. The orc hits you with a +0 war axe.
The orc wizard barely misses you.
You hit the orc wizard.
The orc wizard is moderately wounded.
The orc hits you with a +0 flail!
* * * LOW HITPOINT WARNING * * *
The orc hits you with a +0 war axe.
* * * LOW HITPOINT WARNING * * *
The orc wizard barely misses you. The orc hits you but does no damage.
You block the orc's attack. The orc wizard barely misses you.
You completely miss the orc wizard.
The orc wizard is moderately wounded.
The orc hits you with a +0 flail.
* * * LOW HITPOINT WARNING * * *
The orc hits you with a +0 war axe.
You die...

#########'#######
#........#
#........#
#........#
###.##########
#............#
#............#
#.........o..#
#........o@..#
#........o...#
#............#
#............#
###.##########
#.#########
#.##.(.(..# ##
#.##......# .###
#.##......#


You could see an orc wizard and 2 orcs.

Vanquished Creatures
  A worm (D:3)
  An orc (D:3)
  2 ball pythons
  4 endoplasms
  A giant cockroach (D:3)
  4 hobgoblins
  3 jackals (D:3)
  4 kobolds
  A quokka (D:3)
  8 bats
  A frilled lizard (D:1)
  2 rats (D:2)
32 creatures vanquished.

Notes
Turn   | Place    | Note
-------+----------+-------------------------------------------
     0 | D:1      | KennySheep the Meteoran Fighter began the quest for the
                  | Orb.
     0 | D:1      | Reached XP level 1. HP: 19/19 MP: 2/2
   104 | D:1      | Reached XP level 2. HP: 8/26 MP: 3/3
   267 | D:1      | Found a faded altar of an unknown god.
   281 | D:1      | Prayed at the altar of an unknown god.
   281 | D:1      | Became a worshipper of the Wu Jian Council
   281 | D:1      | Reached * piety under Wu Jian
   426 | D:2      | Reached XP level 3. HP: 25/31 MP: 4/4
   454 | D:3      | Found a basalt altar of Yredelemnul.
   941 | D:3      | Reached ** piety under Wu Jian
  1042 | D:3      | Slain by an orc

Illustrated notes

Levels and vault maps discovered:
D:1:      dpeg_arrival_long_road, layout_rooms,
          shapermc_ecumenical_altar_flowoftime, minmay_misc_feat_columns,
          nrook_mini_vaults, chequers_jeans
D:2:      layout_loops_ring, basic_altar, minmay_pentomino_t2
D:3:      layout_basic, nicolae_overflow_crystal_walls, serial_rivers,
          chequers_serial_rivers_marsh, chequers_serial_rivers_room_a,
          chequers_serial_rivers_micro_d, chequers_serial_rivers_room_a

Skill      XL: |  1  2  3 |
---------------+----------+-----
Maces & Flails | 3 |  3.8
Shields        | 4 |  4.0
Armour         | 4 |  4.0
Fighting       | |  3.6
Dodging        | |  0.6

Action                   || total
-------------------------++-------
Melee: Flail             ||   124
Invok: Lunge             ||     5
       Whirlwind         ||     3
  Use: Potion            ||     2
Armor: Scale mail        ||    41
       Chain mail        ||    71
Dodge: Dodged            ||    48
Block: Buckler           ||    44

Table legend: (Time is in decaauts)
 A = Elapsed time spent in this place.
 B = Non-inter-level travel time spent in this place.
 C = Inter-level travel time spent in this place.
 D = Time resting spent in this place.
 E = Time spent auto-exploring this place.
 F = Levels seen in this place.
 G = Mean time per level.
                   A        B        C        D        E       F      G
               +--------+--------+--------+--------+--------+-----+--------+
         Total |   1077 |   1077 |      0 |    114 |    537 |   3 |  359.0 |
       Dungeon |   1077 |   1077 |      0 |    114 |    537 |   3 |  359.0 |
               +--------+--------+--------+--------+--------+-----+--------+

Top non-repeatable levels by time:
     D:3: 617 daAuts
     D:1: 385 daAuts
     D:2: 74 daAuts
